 Dungeon Sprint DCSS version 0.31-a0-466-g98c9adc2b6 (webtiles) character file.

Game seed: 12795876873151920224

816 dialectric the Covert (level 7, -14/48 HPs)
             Began as a Gargoyle Brigand on Aug 5, 2023.
             Demolished by a boulder beetle (21 damage)
             ... in the Dungeon (Sprint II: "The Violet Keep of Menkaure").
             The game lasted 00:00:59 (73 turns).

dialectric the Covert (Gargoyle Brigand)              Turns: 73, Time: 00:00:59

Health: -14/48     AC:  9    Str: 17    XL:     7   Next: 94%
Magic:  7/7        EV: 12    Int: 11    God:
Gold:   486        SH:  0    Dex: 11    Spells: 6/6 levels left

rFire   . . .        a - +2 dagger
rCold   . . .        (no shield)
rNeg    + . .        b - +0 robe
rPois   ∞            (no helmet)
rElec   +            c - +0 cloak
rCorr   .            (no gloves)
SInv    .            (no boots)
Will    .....        (no amulet)
Stlth   ++++         (no ring)
HPRegen 0.28/turn    (no ring)
MPRegen 0.10/turn

%: no teleportation
@: no status effects
A: sickness immunity, AC +4, negative energy resistance 1, electricity
resistance, torment resistance 1, petrification resistance
a: no special abilities


You were in the Dungeon.
You visited 1 branch You collected 486 gold pieces.

Inventory:

Hand Weapons
 a - a +2 dagger (weapon)
Missiles
 d - 9 poisoned darts
 e - 2 curare-tipped darts (quivered)
Armour
 b - a +0 robe (worn)
 c - a +0 cloak (worn)
Scrolls
 k - a scroll of blinking
Potions
 f - a potion of curing
 g - a potion of heal wounds
 h - a potion of haste
 i - 2 potions of magic


   Skills:
 + Level 7.6 Fighting
 + Level 8.1 Short Blades
 - Level 2.6 Throwing
 * Level 9.9 Armour
 - Level 2.3 Dodging
 - Level 11.0 Stealth


You had 6 spell levels left.
You didn't know any spells.
Your spell library was empty.

Dungeon Overview and Level Annotations

Branches:
Dungeon (1/1)

Altars:

Annotations:
D Menkaure


Innate Abilities, Weirdness & Mutations

You are immune to sickness and miasma.
Your stone body is resilient. (AC +4)
You are immune to poison.
You resist negative energy. (rN+)
You are resistant to electric shocks. (rElec)
You are resistant to unholy torment.
You are immune to petrification.


Message History

You throw a curare-tipped dart.
The curare-tipped dart hits the boulder beetle.
The boulder beetle looks as sick as possible!
The boulder beetle convulses.
The boulder beetle seems to be slow for longer.
The boulder beetle is almost dead.
The boulder beetle bites you!
Unknown command.
Throw: dart (curare)
Press: ? - help, Q - select action, (/) - cycle Shift-Dir - straight line, f/p - boulder beetle
Aim: a boulder beetle (almost dead, extremely poisoned, slow, 89% to hit)
You throw a curare-tipped dart.
The curare-tipped dart hits the boulder beetle.
The boulder beetle looks as sick as possible!
The boulder beetle convulses.
The boulder beetle seems to be slow for longer.
The boulder beetle is almost dead.
You kill the boulder beetle!
Your Fighting skill gained 3 levels and is now at level 7!
Your Short Blades skill gained 3 levels and is now at level 8!
Your Armour skill gained 5 levels and is now at level 9!
You have reached level 7!
Unknown command.
e - 2 curare-tipped darts You recover from your berserk rage.
You now have 486 gold pieces (gained 243).
Menkaure, Prince of Dust comes into view.
There is an open door here.
The boulder beetle bites you!
You hit the boulder beetle but do no damage.
The boulder beetle bites you but does no damage.
Unknown command.
Unknown command.
The boulder beetle attacks as you move away!
The boulder beetle bites you!
* * * LOW HITPOINT WARNING * * *
There is an open door here.
The boulder beetle curls into a ball and begins rolling!
The boulder beetle hits you!!
You die...

## ## ## .# #l .#
### l#. ### .##
##.###+###.##..#
#..†##.##...#..#
+.##'.<.@###°..#
#..†##.##B○°#....#
##.###'###.##....§.~
### ##. ### ~...§.~
#3 ~~~~..~ ##
~~§~~.~ §≈~~§~~
≈≈≈≈~~~


You could see a boulder beetle (rolling).

Vanquished Creatures
  A boulder beetle (D)
  4 necrophages (D)
5 creatures vanquished.

Notes
Turn   | Place    | Note
-------+----------+-------------------------------------------
     0 | D        | dialectric the Gargoyle Brigand began the quest for the
                  | Orb.
     0 | D        | Reached XP level 1. HP: 12/12 MP: 1/1
     1 | D        | Noticed a wyvern
     1 | D        | Noticed a wyvern
     4 | D        | Noticed a necrophage
     4 | D        | Noticed a necrophage
     4 | D        | Noticed a necrophage
     4 | D        | Noticed a necrophage
     8 | D        | Killed a necrophage
     9 | D        | Reached skill level 8 in Stealth
     9 | D        | Reached XP level 2. HP: 19/19 MP: 2/2
     9 | D        | Reached XP level 3. HP: 23/23 MP: 3/3
     9 | D        | Reached XP level 4. HP: 28/28 MP: 4/4
    13 | D        | Killed a necrophage
    14 | D        | Reached skill level 9 in Stealth
    14 | D        | Reached XP level 5. HP: 33/33 MP: 5/5
    22 | D        | Reached skill level 11 in Stealth
    27 | D        | Reached skill level 5 in Short Blades
    27 | D        | Reached XP level 6. HP: 39/39 MP: 6/6
    53 | D        | Noticed a neqoxec
    55 | D        | Noticed a boulder beetle
    55 | D        | Noticed a boulder beetle
    61 | D        | Killed a boulder beetle
    62 | D        | Reached XP level 7. HP: 28/48 MP: 7/7
    66 | D        | Noticed Menkaure
    73 | D        | Demolished by a boulder beetle

Illustrated notes

Levels and vault maps discovered:
D:        the_violet_keep_of_menkaure [sprint2_stairs_cluster_1,
          sprint2_shoproom, sprint2_temple, sprint2_basic_supplies,
          sprint2_obstacle_5, sprint2_obstacle_4, sprint2_obstacle_7,
          sprint2_obstacle_3, sprint2_obstacle_2, sprint2_timed_cluster_1,
          sprint2_smallroom_cluster_1, sprint2_smallroom_final_cluster_1,
          sprint2_transparent_cluster_1, sprint2_second_timed_cluster_1,
          sprint2_sniper_area_1, sprint2_heavy_combat_area_1,
          sprint2_mutation_trap_area_1, sprint2_forest_area_1,
          sprint2_light_combat_area_1, sprint2_behind_water_1,
          sprint2_near_end_vault_1]

Skill      XL: |  1  2  3  4  5  6 |
---------------+-------------------+-----
Fighting       | 3 4 7 |  7.6
Short Blades   | 3 5 8 |  8.1
Throwing       | 2 |  2.6
Stealth        | 8 9 11 | 11.0
Dodging        | 2 |  2.3
Armour         | 4 9 |  9.9

Action                     |  1- 3 |  4- 6 |  7- 9 || total
---------------------------+-------+-------+-------++-------
  Melee: Dagger            |     3 |    18 |     1 ||    22
  Throw: Dart              |       |     3 |       ||     3
    Use: Potion            |     1 |       |       ||     1
   Stab: Sleeping          |       |     1 |       ||     1
 Armour: Robe              |       |     1 |     1 ||     2
  Dodge: Dodged            |     1 |     7 |       ||     8

Table legend: (Time is in decaauts)
 A = Elapsed time spent in this place.
 B = Non-inter-level travel time spent in this place.
 C = Inter-level travel time spent in this place.
 D = Time resting spent in this place.
 E = Time spent auto-exploring this place.
 F = Levels seen in this place.
 G = Mean time per level.
                   A        B        C        D        E       F      G
               +--------+--------+--------+--------+--------+-----+--------+
         Total |     74 |     74 |      0 |     25 |      0 |   1 |   74.0 |
       Dungeon |     74 |     74 |      0 |     25 |      0 |   1 |   74.0 |
               +--------+--------+--------+--------+--------+-----+--------+

Top non-repeatable levels by time:
       D: 74 daAuts
